 Dungeon Crawl Stone Soup version 0.24-a0-489-g1c7b743a30 (webtiles) character file.

Game seed: 4221406099716518917

5682 Gildeon the Grappler (level 10, -10/96 HPs)
             Began as a Troll Fighter on July 11, 2019.
             Was a Priest of Nemelex Xobeh.
             Mangled by a spiny frog (24 damage)
             ... on level 1 of the Lair of Beasts.
             The game lasted 00:27:17 (6886 turns).

Gildeon the Grappler (Troll Fighter)                Turns: 6886, Time: 00:27:18

Health: -10/96     AC:  8    Str: 29    XL:     10   Next: 47%
Magic:  0/13       EV: 17    Int:  5    God:    Nemelex Xobeh [***...]
Gold:   36         SH:  0    Dex: 11    Spells: 13/14 levels left

rFire    . . .     SeeInvis .     - Unarmed
rCold    . . .     Gourm    +   (no shield)
rNeg     . . .     Faith    .   s - +2 robe {MR+}
rPois    .         Spirit   +   (helmet restricted)
rElec    .         Reflect  .   p - scarf {Spirit}
rCorr    .         Harm     +   (gloves unavailable)
MR       +....                  (boots unavailable)
Stlth    +.........             f - amulet of harm
HPRegen  0.66/turn              b - +3 ring of strength
MPRegen  0.13/turn              t - +5 ring of evasion

@: no status effects
A: large, unfitting armour, claws 3, fast metabolism 3, gourmand, regeneration
1, shaggy fur 1, tough skin 3
a: Draw Escape, Draw Destruction, Draw Summoning, Triple Draw, Renounce Religion


You were on level 1 of the Lair of Beasts.
You worshipped Nemelex Xobeh.
Nemelex Xobeh was most pleased with you.
You were very full.

You visited 3 branches of the dungeon, and saw 12 of its levels.

You collected 576 gold pieces.
You spent 540 gold pieces at shops.

Inventory:

Hand Weapons
 c - a +0 great mace
 h - a +2 flail of holy wrath
Armour
 p - a scarf of spirit shield (worn)
 s - a +2 robe of magic resistance (worn)
Jewellery
 b - a +3 ring of strength (left claw)
 f - an amulet of harm (around neck)
 g - an uncursed ring of flight
 t - a +5 ring of evasion (right claw)
 y - an uncursed ring of poison resistance
Wands
 a - a wand of paralysis (15)
 k - a wand of random effects (6)
 u - a wand of enslavement (3)
Scrolls
 e - 4 scrolls of amnesia
 i - 5 scrolls of teleportation
 j - 2 scrolls of blinking
 n - 9 scrolls of remove curse
 o - 5 scrolls of enchant armour
 q - 2 scrolls of fear
 w - 2 scrolls of torment {unknown}
Potions
 l - a potion of curing
 m - 3 potions of flight
 r - 3 potions of heal wounds
 v - a potion of mutation
 x - a potion of haste {unknown}
Comestibles
 d - 19 rations


   Skills:
 - Level 5.0 Fighting
 - Level 5.0 Armour
 + Level 6.1 Dodging
   Level 2.4 Shields
 + Level 9.4 Unarmed Combat
 - Level 2.8 Spellcasting
 + Level 1.3 Hexes
 - Level 2.6 Invocations
 - Level 2.5 Evocations


You had 13 spell levels left.
You knew the following spells:

 Your Spells              Type           Power        Failure   Level  Hunger
a - Confusing Touch       Hex            #.....       24%         1    ##.....

Your spell library contained the following spells:

 Spells                   Type           Power        Failure   Level  Hunger
 Confuse                  Hex            #.......     56%         3    ####...
 Gell's Gravitas          Tloc           #.........   77%         3    ####...
 Ignite Poison            Fire/Tmut/Pois #.......     77%         3    ####...
 Petrify                  Tmut/Erth      #.......     99%         4    #####..
 Fireball                 Conj/Fire      #.........   100%        5    ######.
 Metabolic Englaciation   Hex/Ice        #.........   100%        5    ######.
 Yara's Violent Unravell  Hex/Tmut       #.........   100%        5    ######.
 Bolt of Fire             Conj/Fire      #.........   100%        6    #######
 Ring of Flames           Chrm/Fire      #.........   100%        7    #######
 Ignition                 Fire           #.........   100%        8    #######


Dungeon Overview and Level Annotations

Branches:
Dungeon (9/15)             Temple (1/1) D:6            Lair (2/6) D:8
 Shoals (0/4) Lair:2
  Snake: Lair:2-4    Spider: Lair:2-4       Orc: D:9-12

Altars:
Ashenzari
Cheibriados
Dithmenos
Elyvilon
Fedhas
Gozag
Hepliaklqana
Kikubaaqudgha
Makhleb
Nemelex Xobeh
Okawaru
Qazlal
Ru
Sif Muna
Trog
Uskayaw
Vehumet
Wu Jian
Xom
Yredelemnul
Zin
The Shining One

Shops:
D:5 }   D:6 [:*:!

Annotations:
D:8 3 runed translucent doors, hitsuchi's ghost, novice CeGl


Innate Abilities, Weirdness & Mutations

You are too large for most types of armour.
You have claws for hands.
Your metabolism is lightning-fast.
You like to eat raw meat.
Your natural rate of healing is unusually fast.
You are covered in fur. (AC +1)
You have extremely tough skin. (AC +3)


Message History

The blink frog misses you. Something stings you!
* * * LOW HITPOINT WARNING * * *
You feel sick.
The blink frog blinks!
You feel much better.
You feel sick. Something stings you!
* * * LOW HITPOINT WARNING * * *
You are more poisoned.
Something poisons you!
You feel very sick.
The blink frog blinks!
You feel sick.
Okay, then.
You feel better. Something stings you!
* * * LOW HITPOINT WARNING * * *
You feel much better. Something stings you!
* * * LOW HITPOINT WARNING * * *
You mangle the blink frog!!
You kill the blink frog!
Something stings you!!
You die...
Your body disappears without a glow.

###......# #P......
######......
#####.....†.....
#######...............
##...............####..
#..............### #.
#...........P### #
#.....@..##.##
#....†#################
#............).........
#......................
#......................
#......................
#...(..................
###############.######.
### #[


There were no monsters in sight!

Vanquished Creatures
  2 two-headed ogres
  A black mamba (Lair:2)
  3 spiny frogs
  A blink frog (Lair:1)
  2 hippogriffs
  A human (D:8)
  A porcupine (Lair:2)
  A black bear (Lair:2)
  2 ogres
  2 sky beasts
  A centaur (D:5)
  Blork the orc (D:4)
  A wyvern zombie (D:6)
  5 bullfrogs
  An electric eel (Lair:2)
  4 crimson imps
  A centaur skeleton (D:4)
  4 hounds
  2 bullfrog skeletons
  A gnoll shaman (D:6)
  5 iguanas
  2 orc wizards (D:6)
  3 worker ants
  Robin (D:3)
  A worker ant zombie (D:7)
  7 gnolls
  A howler monkey zombie (D:5)
  15 adders
  A shadow imp (D:6)
  An ooze (D:3)
  3 adder skeletons
  A worm (D:2)
  3 dart slugs
  4 leopard geckos
  15 orcs
  2 ball pythons
  7 bats
  A bat zombie (D:2)
  3 giant cockroaches
  19 goblins
  15 hobgoblins
  10 kobolds
  4 quokkas
  4 frilled lizards
  A quokka zombie (D:8)
  15 rats
  A rat zombie (D:2)
182 creatures vanquished.

Vanquished Creatures (collateral kills)
  A hydra (D:8)
1 creature vanquished.

Vanquished Creatures (others)
  A sky beast (D:7)
  A fungus (Lair:1)
2 creatures vanquished.

Grand Total: 185 creatures vanquished

Notes
Turn   | Place    | Note
-------+----------+-------------------------------------------
     0 | D:1      | Gildeon the Troll Fighter began the quest for the Orb.
     0 | D:1      | Reached XP level 1. HP: 22/22 MP: 0/0
   122 | D:1      | Reached XP level 2. HP: 29/29 MP: 1/1
   470 | D:1      | Reached XP level 3. HP: 36/36 MP: 2/2
  1067 | D:2      | Reached XP level 4. HP: 45/45 MP: 3/3
  1105 | D:2      | Reached skill level 3 in Unarmed Combat
  1158 | D:2      | Found an ancient bone altar of Kikubaaqudgha.
  1492 | D:3      | Reached XP level 5. HP: 47/53 MP: 4/4
  1502 | D:3      | Noticed Robin
  1519 | D:3      | Killed Robin
  2376 | D:4      | Noticed Blork the orc
  2388 | D:4      | Killed Blork the orc
  2388 | D:4      | Reached skill level 4 in Unarmed Combat
  2388 | D:4      | Reached XP level 6. HP: 32/62 MP: 1/5
  2430 | D:4      | Found a white marble altar of Elyvilon.
  2604 | D:4      | Found a radiant altar of Vehumet.
  2671 | D:5      | Entered Level 5 of the Dungeon
  2709 | D:5      | Noticed a two-headed ogre
  2720 | D:5      | Killed a two-headed ogre
  2720 | D:5      | Reached skill level 5 in Fighting
  2720 | D:5      | Reached skill level 5 in Dodging
  2720 | D:5      | Reached skill level 5 in Unarmed Combat
  2720 | D:5      | Reached XP level 7. HP: 72/72 MP: 6/6
  2720 | D:5      | Reached XP level 8. HP: 80/80 MP: 7/7
  2831 | D:5      | Reached skill level 1 in Armour
  2846 | D:5      | Reached skill level 6 in Unarmed Combat
  2846 | D:5      | Reached skill level 1 in Evocations
  3107 | D:5      | Found Aroblibb's Gadget Boutique.
  3129 | D:5      | Bought a wand of paralysis (11) for 156 gold pieces
  3441 | D:6      | Found a hazy altar of Hepliaklqana.
  3613 | D:6      | Found Xyrour's Book Boutique.
  3665 | D:6      | Reached skill level 7 in Unarmed Combat
  3709 | D:6      | Found a shattered altar of Ashenzari.
  3709 | D:6      | Found a sacrificial altar of Ru.
  3772 | D:6      | Reached XP level 9. HP: 38/88 MP: 2/9
  3854 | D:6      | Found Mutrusat's Book Shop.
  3892 | D:6      | Found Feuloeff's General Store.
  3898 | D:6      | Bought a scroll of remove curse for 39 gold pieces
  3898 | D:6      | Bought a potion of heal wounds for 65 gold pieces
  3927 | D:6      | Found a staircase to the Ecumenical Temple.
  3948 | Temple   | Entered the Ecumenical Temple
  4146 | Temple   | Became a worshipper of Nemelex Xobeh the Trickster
  4177 | D:6      | Received a gift from Nemelex Xobeh
  4213 | D:6      | Found Dein's Distillery.
  4534 | D:6      | Found an ornate altar of the Wu Jian Council.
  4544 | D:6      | Found Suzxussa's Armour Shoppe.
  4939 | D:7      | Found a stormy altar of Qazlal.
  4939 | D:7      | Reached * piety under Nemelex Xobeh
  4939 | D:7      | Found a snail-covered altar of Cheibriados.
  4943 | D:7      | Reached skill level 1 in Spellcasting
  5164 | D:7      | Received a gift from Nemelex Xobeh
  5578 | D:8      | Found a runed translucent gate.
  5578 | D:8      | Found a runed translucent gate.
  5579 | D:8      | Noticed a six-headed hydra
  5594 | D:8      | Killed a six-headed hydra
  5610 | D:8      | Found a runed translucent gate.
  5631 | D:8      | Found a staircase to the Lair.
  5643 | D:8      | Reached ** piety under Nemelex Xobeh
  5654 | D:8      | Found an opulent altar of Gozag.
  5834 | D:8      | Received a gift from Nemelex Xobeh
  5866 | D:8      | Noticed a two-headed ogre
  5872 | D:8      | Killed a two-headed ogre
  5872 | D:8      | Reached skill level 5 in Armour
  5872 | D:8      | Reached skill level 8 in Unarmed Combat
  6185 | D:8      | Reached skill level 1 in Invocations
  6324 | D:8      | Noticed hitsuchi's ghost (novice CeGl)
  6478 | D:6      | Bought a book of Misfortune for 280 gold pieces
  6480 | D:6      | Learned a level 1 spell: Confusing Touch
  6567 | Lair:1   | Entered Level 1 of the Lair of Beasts
  6571 | Lair:1   | You fall into a shaft and drop 1 floor!
  6582 | Lair:2   | Noticed a black mamba
  6587 | Lair:2   | Killed a black mamba
  6587 | Lair:2   | Reached XP level 10. HP: 90/96 MP: 11/13
  6604 | Lair:2   | Noticed a spiny frog
  6616 | Lair:2   | Killed a spiny frog
  6622 | Lair:2   | Noticed a spiny frog
  6631 | Lair:2   | Killed a spiny frog
  6631 | Lair:2   | Reached skill level 9 in Unarmed Combat
  6632 | Lair:2   | Found a staircase to the Shoals.
  6739 | Lair:1   | Noticed a spiny frog
  6744 | Lair:1   | Killed a spiny frog
  6744 | Lair:1   | Reached skill level 1 in Hexes
  6781 | Lair:1   | Received a gift from Nemelex Xobeh
  6800 | Lair:1   | Reached *** piety under Nemelex Xobeh
  6859 | Lair:1   | Noticed a spiny frog
  6886 | Lair:1   | Mangled by a spiny frog

Levels and vault maps discovered:
D:1:      dpeg_arrival_round_b, layout_basic, minmay_tiny_reverse_x
D:2:      layout_rooms, lemuel_zombie_altar_kikubaaqudgha, minmay_between
D:3:      layout_loops_ring, uniq_robin
D:4:      layout_rooms, lemuel_crystal_altar, first_ration, elyvilon_altar_4,
          uniq_blork_the_orc
D:5:      layout_cave_pools, serial_shops, shop
D:6:      layout_layer_cave, old_standard_altar,
          amethyst_overflow_temple_binary, lemuel_doored_altar,
          minmay_temple_entry_junction, serial_shops, shop, shop,
          shop_fountains, kennysheep_little_box, shop
D:7:      layout_gridville, lemuel_crystal_altar, cheibriados_altar_1
D:8:      layout_gridville, lair_entry_dummy, gammafunk_ghost_spectres,
          grunt_pizzeria, grunt_gozag_breadcrumbs
D:9:      hangedman_cross_stitches, layout_loops_ring, serial_shops, shop,
          onia_ninara_dug_in_and_dangerous
Temple:   eino_temple_water
Lair:1:   layout_hall_layers, lemuel_fruit_fields, infiniplex_staircase_pool_2,
          uniq_fannar
Lair:2:   beast_lair_carwin_large_1, layout_chaotic_city,
          elwin_shoals_entry_rocks, minivault_26,
          chequers_serial_rivers_small_a, serial_bayou_shore_b

Skill      XL: |  1  2  3  4  5  6  7  8  9 10 |
---------------+-------------------------------+-----
Fighting       | 3 5 |  5.0
Dodging        | 3 5 6 |  6.1
Unarmed Combat | 3 4 5 7 8 9 |  9.4
Armour         | 3 5 |  5.0
Evocations     | 2 |  2.5
Spellcasting   | 2 |  2.8
Invocations    | 1 2 |  2.6
Hexes          | 1 |  1.3
Shields        | |  2.4

Action                   |  1- 3 |  4- 6 |  7- 9 | 10-12 || total
-------------------------+-------+-------+-------+-------++-------
Melee: Unarmed           |   132 |   160 |   183 |    30 ||   505
       Punch             |       |     1 |     8 |     2 ||    11
 Abil: Draw Destruction  |       |       |     2 |       ||     2
       Draw Summoning    |       |       |     2 |       ||     2
Evoke: Wand              |       |       |     8 |     9 ||    17
  Use: Scroll            |     3 |       |     7 |       ||    10
       Potion            |       |     2 |     2 |     4 ||     8
 Stab: Sleeping          |       |     2 |     1 |       ||     3
       Paralysed         |       |       |     4 |     3 ||     7
       Confused          |       |       |     1 |       ||     1
  Eat: Chunk             |    15 |    13 |    36 |     4 ||    68
Armor: Robe              |    64 |    48 |    42 |     9 ||   163
Dodge: Dodged            |    90 |    70 |   110 |    27 ||   297

Table legend:
 A = Non-vault XP
 B = Vault XP
 C = Vault XP percentage of total XP
 D = Non-vault monster count
 E = Vault monster count
 F = Vault count percentage of total count
                 A         B        C        D         E       F
            +---------+---------+-------+---------+---------+-------
      Total |    7651 |     467 |   5.8 |     163 |      21 |  11.4
            +---------+---------+-------+---------+---------+-------
        D:1 |      54 |       3 |   5.3 |      31 |       2 |   6.1
        D:2 |      65 |       6 |   8.5 |      26 |       4 |  13.3
        D:3 |     185 |      37 |  16.7 |      21 |      12 |  36.4
        D:4 |     111 |      90 |  44.8 |       6 |       1 |  14.3
        D:5 |    1658 |       0 |   0.0 |      19 |       0 |   0.0
        D:6 |     761 |       0 |   0.0 |      30 |       0 |   0.0
        D:7 |     434 |       0 |   0.0 |      10 |       0 |   0.0
        D:8 |    1869 |     200 |   9.7 |      11 |       1 |   8.3
     Lair:1 |     659 |       0 |   0.0 |       2 |       0 |   0.0
     Lair:2 |    1855 |     131 |   6.6 |       7 |       1 |  12.5
            +---------+---------+-------+---------+---------+-------
